 Dungeon Crawl Stone Soup version 0.26-a0-1058-g8dc6ce00ff (webtiles) character file.

Game seed: 15276193167268972741

44644 KristoblXynda the Carver (level 13, -7/113 HPs)
             Began as a Black Draconian Gladiator on Dec 13, 2020.
             Was an Elder of Ashenzari.
             Mangled by a komodo dragon (33 damage)
             ... on level 1 of the Lair of Beasts.
             The game lasted 00:35:14 (19254 turns).

KristoblXynda the Carver (DrGl)                    Turns: 19254, Time: 00:35:14

Health: -7/113     AC: 17    Str: 17    XL:     13   Next: 97%
Magic:  13/13      EV: 18    Int: 14    God:    Ashenzari [****..]
Gold:   1249       SH:  0    Dex: 12    Spells: 9/12 levels left

rFire    + . .     SeeInvis +   K - +6 scimitar (flame) (curse)
rCold    . . .     Faith    .   (no shield)
rNeg     . . .     Spirit   .   (armour unavailable)
rPois    +         Reflect  .   b - +0 hat
rElec    +         Harm     .   A - +2 cloak {rPois} (curse)
rCorr    .         Rampage  .   f - +0 pair of gloves
Will     .....     Clarity  +   z - +0 pair of boots (curse)
Stlth    +.........             y - amulet of regeneration
HPRegen  0.68/turn              h - +4 ring of protection
MPRegen  0.13/turn              t - ring of protection from fire

@: lethally poisoned (-7 -> -8)
A: breathe lightning, unfitting armour, electricity resistance, cold-blooded, AC
+8
a: Breathe Lightning, Curse Item, Scrying, Renounce Religion


You were on level 1 of the Lair of Beasts.
You worshipped Ashenzari.
Ashenzari was greatly pleased with you.
You visited 3 branches of the dungeon, and saw 17 of its levels.
You also visited: Ice Cave.

You collected 1249 gold pieces.

Inventory:

Hand Weapons
 K - a cursed +6 scimitar of flaming (weapon)
Missiles
 c - 3 throwing nets (quivered)
Armour
 b - a +0 hat (worn)
 f - a +0 pair of gloves (worn)
 z - a cursed +0 pair of boots (worn)
 A - a cursed +2 cloak of poison resistance (worn)
Jewellery
 h - a +4 ring of protection (left hand)
 t - a ring of protection from fire (right hand)
 y - an amulet of regeneration (around neck)
Wands
 s - a wand of iceblast (1)
 P - a wand of disintegration (11)
Scrolls
 d - 6 scrolls of remove curse
 e - 10 scrolls of teleportation
 j - a scroll of amnesia
 k - a scroll of immolation
 p - 2 scrolls of fear
 r - 2 scrolls of fog
 E - a scroll of silence
 N - a scroll of summoning
Potions
 i - 5 potions of flight
 l - a potion of ambrosia
 n - 5 potions of attraction
 q - 5 potions of cancellation
 u - 3 potions of mutation
 B - 4 potions of might
 C - 2 potions of brilliance
 G - a potion of magic
 J - a potion of lignification
 L - a potion of berserk rage
 M - 2 potions of curing
 O - a potion of heal wounds
Miscellaneous
 a - a phantom mirror
 F - a phial of floods
 H - a tin of tremorstones (2/2)


   Skills:
 - Level 10.0 Fighting
 + Level 13.9(16.9) Long Blades
 - Level 2.0 Throwing
 + Level 11.6 Dodging
 + Level 6.8 Conjurations
 - Level 10.0 Air Magic
 + Level 8.1 Evocations


You had 9 spell levels left.
You knew the following spells:

 Your Spells              Type           Power        Failure   Level
a - Mephitic Cloud        Conj/Pois/Air  ###.....     9%          3

Your spell library contained the following spells:

 Spells                   Type           Power        Failure   Level
 Magic Dart               Conj           ###.         1%          1
 Poisonous Vapours        Pois/Air       ##....       5%          2
 Foxfire                  Conj/Fire      #...         7%          1
 Conjure Flame            Conj/Fire      #.......     22%         3
 Blink                    Tloc           N/A          41%         2
 Call Imp                 Summ           #.......     41%         2
 Slow                     Hex            #.......     41%         2
 Sticky Flame             Conj/Fire      #.......     56%         4
 Inner Flame              Hex/Fire       #.......     65%         3
 Fireball                 Conj/Fire      #.........   89%         5
 Freezing Cloud           Conj/Ice/Air   ###.......   99%         6


Dungeon Overview and Level Annotations

Branches:
Dungeon (15/15)            Temple (1/1) D:4            Lair (1/6) D:8
    Orc (0/2) D:11         Vaults (0/5) D:14          IceCv (visited)
 Depths: D:15

Altars:
Ashenzari
Cheibriados
Dithmenos
Elyvilon
Fedhas
Gozag
Hepliaklqana
Kikubaaqudgha
Makhleb
Nemelex Xobeh
Okawaru
Qazlal
Ru
Sif Muna
Trog
Uskayaw
Vehumet
Wu Jian
Xom
Yredelemnul
Zin
The Shining One
Lugonu

Shops:
D:9 [*   D:13 }

Annotations:
Lair:1 Sonja


Innate Abilities, Weirdness & Mutations

You can breathe wild blasts of lightning.
Your glossy black scales are hard. (AC +8)
You cannot fit into any form of body armour.
You are resistant to electric shocks. (rElec)
You are cold-blooded and may be slowed by cold attacks.


Message History

You feel sick.
The komodo dragon bites you but does no damage.
You barely miss the komodo dragon.
The komodo dragon is moderately wounded.
The komodo dragon bites you!!
You slash the komodo dragon! You burn the komodo dragon.
The komodo dragon is heavily wounded.
You feel sick.
You hit the komodo dragon. You burn the komodo dragon.
The komodo dragon is heavily wounded.
Sonja gestures wildly while chanting.
Sonja blinks!
The komodo dragon bites you!
* * * LOW HITPOINT WARNING * * *
You slash the komodo dragon! You burn the komodo dragon.
The komodo dragon is almost dead.
You feel sick. The komodo dragon misses you.
You completely miss the komodo dragon.
The komodo dragon is almost dead.
The komodo dragon bites you!!
You die...

,, , , * **
.............#,
, *
*#.......K....#
,,,
#............# ,
#.........§... ,
#............. ,
#............. ,
#....l.......#,,
,* ,
#...@†.......# ,
* ###.((..######
##....# , ,,
#....# * #.†..#
*, , #....# ,*
#....### ,,,
##....PP####, ,*
* ##P..........
, ,


You could see a komodo dragon and Sonja.

Vanquished Creatures
  A sphinx (D:14)
  A reaper (IceCv)
  Nessos (D:12)
  2 yaktaur captains (D:14)
  2 hydras
  3 centaur warriors
  An ogre mage (D:14)
  2 two-headed ogres
  2 tengu warriors (D:14)
  A deep elf knight (D:14)
  Urug (D:10)
  A hell knight (D:14)
  A skeletal warrior (D:14)
  An unseen horror (D:10)
  2 orc knights
  6 ugly things (D:14)
  3 cyclopes
  7 slime creatures (D:12)
  3 deep elf magi (D:14)
  2 manticores
  Maurice (D:10)
  2 ice statues (IceCv)
  A gargoyle (D:12)
  3 cane toads (Lair:1)
  Maggie (D:7)
  An efreet (D:12)
  7 ice devils (IceCv)
  4 komodo dragons
  3 yaktaurs (D:14)
  2 kobold demonologists
  A tengu conjurer (D:14)
  3 trolls
  2 dream sheep (D:13)
  A hornet (D:13)
  A meliai zombie (D:13)
  Sigmund (D:4)
  2 vampires (D:13)
  2 wraiths
  4 wyverns
  A steam dragon (D:8)
  5 basilisks
  Grum (D:10)
  2 acid dragons
  2 water moccasins
  Duvessa (D:5)
  A soldier ant (D:14)
  4 sky beasts
  A black bear (D:8)
  3 ice beasts
  5 orc warriors
  5 phantoms
  An eye of draining (D:13)
  2 wolves (D:10)
  5 boggarts (D:14)
  2 necrophages
  15 centaurs
  4 ogres
  4 big kobolds
  4 earth elementals (D:9)
  9 bullfrogs
  A wyvern zombie (D:13)
  2 scorpions
  A water moccasin skeleton (D:8)
  6 killer bees (D:12)
  Dowan (D:5)
  17 wights
  A howler monkey (D:7)
  3 bullfrog zombies
  6 hounds
  2 centaur zombies
  2 jellies
  4 orc priests
  4 bullfrog skeletons
  Crazy Yiuf (D:7)
  12 centaur skeletons
  2 iguanas
  Terence (D:2)
  9 orc wizards
  16 worker ants
  2 hound skeletons
  A howler monkey zombie (D:6)
  2 worker ant zombies
  11 gnolls
  16 adders
  2 howler monkey skeletons
  A shadow imp (D:8)
  24 white imps
  6 ufetubi
  An adder zombie (D:6)
  A worm (D:4)
  3 dart slugs
  8 leopard geckos
  40 orcs
  7 giant cockroaches
  16 goblins
  6 hobgoblins
  15 jackals
  4 quokkas
  3 ball pythons
  5 bats
  5 frilled lizards
  A jackal skeleton (D:5)
  9 kobolds
  2 leopard gecko zombies (D:5)
  4 rats
448 creatures vanquished.

Vanquished Creatures (others)
  A yaktaur (D:14)
  A human (D:8)
  5 white imps (IceCv)
  2 ufetubi (IceCv)
  2 fungi (Lair:1)
  8 plants
19 creatures vanquished.

Grand Total: 467 creatures vanquished

Notes
Turn   | Place    | Note
-------+----------+-------------------------------------------
     0 | D:1      | KristoblXynda the Draconian Gladiator began the quest for
                  | the Orb.
     0 | D:1      | Reached XP level 1. HP: 17/17 MP: 1/1
   332 | D:1      | Reached XP level 2. HP: 25/25 MP: 2/2
   595 | D:2      | Reached XP level 3. HP: 6/30 MP: 3/3
   983 | D:2      | Noticed Terence
   996 | D:2      | Killed Terence
  1029 | D:2      | Reached skill level 4 in Long Blades
  1029 | D:2      | Reached XP level 4. HP: 31/38 MP: 4/4
  1830 | D:2      | Reached XP level 5. HP: 45/45 MP: 5/5
  2343 | D:3      | HP: 2/46 [orc/+0 mace (3)]
  2709 | D:3      | Reached skill level 5 in Long Blades
  2727 | D:3      | Reached XP level 6. HP: 23/52 MP: 6/6
  3734 | D:4      | Noticed Sigmund
  3742 | D:4      | Killed Sigmund
  3810 | D:4      | Your scales start taking on a glossy black colour.
  3810 | D:4      | Reached XP level 7. HP: 52/60 MP: 7/7
  3810 | D:4      | Gained mutation: You are resistant to electric shocks.
                  | (rElec) [Black Draconian growth]
  3893 | D:4      | Found a staircase to the Ecumenical Temple.
  3904 | Temple   | Entered the Ecumenical Temple
  3940 | Temple   | Became a worshipper of Ashenzari the Shackled
  4122 | D:4      | Reached skill level 6 in Long Blades
  4436 | D:5      | Entered Level 5 of the Dungeon
  4450 | D:5      | Noticed Dowan
  4451 | D:5      | Noticed Duvessa
  4468 | D:5      | Killed Dowan
  4476 | D:5      | Reached skill level 5 in Fighting
  4476 | D:5      | Killed Duvessa
  4974 | D:5      | Reached skill level 7 in Long Blades
  4990 | D:5      | Reached XP level 8. HP: 39/69 MP: 8/8
  5013 | D:5      | Reached skill level 5 in Dodging
  5205 | D:5      | Found a sacrificial altar of Ru.
  5274 | D:5      | Found a stormy altar of Qazlal.
  6096 | D:6      | Reached skill level 8 in Long Blades
  6129 | D:6      | Reached * piety under Ashenzari
  7046 | D:7      | Reached XP level 9. HP: 60/77 MP: 9/9
  7050 | D:7      | Learned a level 3 spell: Mephitic Cloud
  7184 | D:7      | Identified the +9 falchion "Xufaemy" {vamp, rC++ Str+5
                  | Int-5}
  7200 | D:7      | Reached skill level 9 in Long Blades
  7325 | D:7      | Noticed Maggie
  7336 | D:7      | Killed Maggie
  7954 | D:7      | Found a runed translucent door.
  7955 | D:7      | Noticed Crazy Yiuf
  7968 | D:7      | Killed Crazy Yiuf
  8290 | D:8      | Found an ancient bone altar of Kikubaaqudgha.
  8354 | D:8      | Noticed a komodo dragon
  8364 | D:8      | Killed a komodo dragon
  8365 | D:8      | Reached skill level 10 in Long Blades
  8375 | D:8      | Noticed a komodo dragon
  8394 | D:8      | Killed a komodo dragon
  8395 | D:8      | Reached skill level 1 in Air Magic
  8555 | D:8      | Noticed a komodo dragon
  8570 | D:8      | Killed a komodo dragon
  8571 | D:8      | Reached XP level 10. HP: 83/88 MP: 10/10
  8582 | D:8      | Found a staircase to the Lair.
  9296 | D:9      | Found Uhuihen's Assorted Antiques.
  9461 | D:9      | Reached ** piety under Ashenzari
  9645 | D:9      | Found Kusiojab's Antique Armour Shop.
 10023 | D:10     | Entered Level 10 of the Dungeon
 10023 | D:10     | Noticed Maurice
 10156 | D:9      | HP: 4/90 [earth elemental (26)]
 10443 | D:10     | Killed Maurice
 10528 | D:10     | Noticed Grum
 10538 | D:10     | Killed Grum
 10587 | D:10     | Found an iron altar of Okawaru.
 10789 | D:10     | Reached skill level 5 in Air Magic
 10859 | D:10     | Killed an unseen horror
 10860 | D:10     | Reached skill level 11 in Long Blades
 11117 | D:10     | Noticed Urug
 11136 | D:10     | Killed Urug
 11450 | D:11     | Noticed a two-headed ogre
 11466 | D:11     | Killed a two-headed ogre
 11467 | D:11     | Reached XP level 11. HP: 39/99 MP: 11/11
 11475 | D:11     | Found a frozen archway.
 11475 | D:11     | Noticed a seven-headed hydra
 11483 | D:11     | Killed a seven-headed hydra
 11567 | IceCv    | Entered an ice cave
 11719 | IceCv    | Reached skill level 10 in Fighting
 12036 | IceCv    | Reached skill level 1 in Evocations
 12104 | IceCv    | Noticed a reaper
 12138 | IceCv    | Killed a reaper
 12629 | D:11     | Found a staircase to the Orcish Mines.
 13459 | D:12     | Reached skill level 12 in Long Blades
 13582 | D:12     | Found a flagged portal.
 13655 | D:12     | Reached XP level 12. HP: 84/106 MP: 12/12
 13850 | D:12     | Found a corrupted altar of Lugonu.
 13940 | D:12     | Noticed Nessos
 13960 | D:12     | Killed Nessos
 14054 | D:12     | Reached skill level 5 in Evocations
 14334 | D:12     | Reached skill level 10 in Dodging
 14642 | D:12     | Reached skill level 1 in Conjurations
 14693 | D:13     | Noticed a centaur warrior
 14705 | D:13     | Killed a centaur warrior
 14782 | D:13     | Found Dilarch's Gadget Shoppe.
 14783 | D:13     | Reached *** piety under Ashenzari
 15061 | D:13     | Reached skill level 10 in Air Magic
 15338 | D:13     | Noticed a centaur warrior
 15351 | D:13     | Killed a centaur warrior
 15508 | D:13     | Noticed a three-headed hydra
 15522 | D:13     | Killed a one-headed hydra
 15535 | D:13     | Reached skill level 13 in Long Blades
 15697 | D:14     | Reached XP level 13. HP: 102/113 MP: 13/13
 15718 | D:14     | Found a glowing silver altar of Zin.
 16631 | D:14     | Reached skill level 5 in Conjurations
 16901 | D:14     | Found a gate to the Vaults.
 17555 | D:14     | Noticed a sphinx
 17572 | D:14     | Killed a sphinx
 18384 | D:15     | Entered Level 15 of the Dungeon
 18711 | D:10     | Identified the +6 war axe "Baott" {vorpal, rPois Str+5}
 18857 | Lair:1   | Entered Level 1 of the Lair of Beasts
 18871 | Lair:1   | Reached **** piety under Ashenzari
 19238 | Lair:1   | Noticed Sonja
 19254 | Lair:1   | Mangled by a komodo dragon

Illustrated notes

Levels and vault maps discovered:
D:1:      sevenhm_arrival_forest_fort_small_4, layout_loops_cross
D:2:      minmay_chambers_of_twos, layout_loops_ring, minmay_crystal_room,
          uniq_terence
D:3:      layout_basic
D:4:      layout_basic, minmay_temple_entry_trees, st_stairs_6, uniq_sigmund
D:5:      layout_gridville, nicolae_qazlal_general_emergency,
          nicolae_ru_awakened_eye, uniq_duvessa
D:6:      layout_cave_pools, grunt_ministairs_15, minmay_misc_feat_room
D:7:      layout_loops_ring, uniq_crazy_yiuf_cottage, uniq_maggie
D:8:      layout_basic, erik_lair_dragon, hangedman_decor_peaks_small,
          tgw_kikubaaqudgha
D:9:      layout_basic, serial_shops, shop, shop
D:10:     minmay_stone_box, layout_loops_ring, nicolae_zen_rock_garden,
          okawaru_ov_weapons_minmay, uniq_maurice, uniq_grum, uniq_urug
D:11:     layout_loops_corners, orc_0_dummy, portal_ice_cave_entry_imps
D:12:     layout_loops_ring, enter_bailey_3, tgw_lugonu_bribe, uniq_nessos
D:13:     layout_roguey, serial_shops, shop, st_stairs_12, hangedman_ranch
          [blue_anna_fruit_fields]
D:14:     minmay_sliced_demisemicircle, layout_layer_cave,
          hangedman_vaults_entry_quadrant_bands, lemuel_coloured_pillars_altar
D:15:     hangedman_depths_entry_civil_slaughter, layout_stronghold,
          nicolae_blasting_shop
Temple:   kilobyte_greek_temple
Lair:1:   layout_gridlike, special_room [special_room_bee], serial_bayou_pond_d,
          uniq_sonja

Skill      XL: |  1  2  3  4  5  6  7  8  9 10 11 12 13 |
---------------+----------------------------------------+-----
Throwing       | 2 |  2.0
Dodging        | 3 4 6 7 8 9 10 11 | 11.6
Fighting       | 3 4 5 6 8 9 10 | 10.0
Long Blades    | 4 5 7 8 10 11 12 13 | 13.9
Air Magic      | 2 6 8 10 | 10.0
Evocations     | 4 6 8 |  8.1
Conjurations   | 4 6 |  6.8

Action                   |  1- 3 |  4- 6 |  7- 9 | 10-12 | 13-15 || total
-------------------------+-------+-------+-------+-------+-------++-------
Melee: Long sword        |    69 |   196 |   287 |       |       ||   552
       Tailslap          |     6 |    25 |    72 |   166 |    83 ||   352
       Falchion          |       |       |   104 |   643 |       ||   747
       Scimitar          |       |       |       |   215 |   347 ||   562
Throw: Throwing net      |       |     1 |       |     5 |       ||     6
 Cast: Mephitic Cloud    |       |       |       |       |    19 ||    19
Invok: Curse Item        |       |       |     1 |     1 |       ||     2
 Abil: Breathe Lightning |       |       |     3 |     3 |       ||     6
       Evoke Flight      |       |       |       |     1 |       ||     1
Evoke: Wand              |       |       |       |    13 |     1 ||    14
       Phial of floods   |       |       |       |     1 |       ||     1
  Use: Potion            |       |     2 |     2 |     7 |       ||    11
       Scroll            |       |     3 |     8 |    22 |     5 ||    38
 Stab: Sleeping          |     1 |     1 |       |     2 |       ||     4
       Held in net/web   |       |       |       |     4 |       ||     4
       Paralysed         |       |       |       |    12 |       ||    12
       Confused          |       |       |       |       |    21 ||    21
Armor: Skin              |    14 |    49 |    88 |   230 |    91 ||   472
Dodge: Dodged            |    52 |   157 |   280 |   554 |   228 ||  1271
       Rpst.: Long sword |    22 |    44 |    78 |       |       ||   144
       Falchion          |       |       |    16 |   108 |       ||   124
       Scimitar          |       |       |       |    45 |    55 ||   100

Table legend: (Time is in decaauts)
 A = Elapsed time spent in this place.
 B = Non-inter-level travel time spent in this place.
 C = Inter-level travel time spent in this place.
 D = Time resting spent in this place.
 E = Time spent auto-exploring this place.
 F = Levels seen in this place.
 G = Mean time per level.
                   A        B        C        D        E       F      G
               +--------+--------+--------+--------+--------+-----+--------+
         Total |  18995 |  18220 |    775 |   5329 |   8554 |  18 | 1055.3 |
       Dungeon |  17500 |  16742 |    758 |   4669 |   8287 |  15 | 1166.7 |
        Temple |    138 |    121 |     17 |      0 |     83 |   1 |  138.0 |
          Lair |    387 |    387 |      0 |    110 |    183 |   1 |  387.0 |
      Ice Cave |    969 |    969 |      0 |    550 |      0 |   1 |  969.0 |
               +--------+--------+--------+--------+--------+-----+--------+

Top non-repeatable levels by time:
    D:14: 2783 daAuts
     D:2: 1559 daAuts
     D:9: 1400 daAuts
     D:5: 1394 daAuts
     D:3: 1333 daAuts
    D:12: 1204 daAuts
     D:6: 1202 daAuts
     D:8: 1082 daAuts
     D:7: 1063 daAuts
    D:13: 1032 daAuts
    D:10: 974 daAuts
   IceCv: 969 daAuts
    D:11: 918 daAuts
     D:1: 774 daAuts
     D:4: 693 daAuts
